 Dungeon Crawl Stone Soup version 0.24-b1 (webtiles) character file.

Game seed: 1922931762552000817, levelgen mode: deterministic

258 CryoSword the Slasher (level 5, 0/43 HPs)
             Began as a Demonspawn Fighter on Oct 11, 2019.
             Was an Initiate of Okawaru.
             Killed by divine providence
             ... invoked by an orc priest
              (13 damage)
             ... on level 4 of the Dungeon.
             The game lasted 00:06:29 (3984 turns).

CryoSword the Slasher (Demonspawn Fighter)          Turns: 3984, Time: 00:06:30

Health: 0/43       AC: 10    Str: 18    XL:     5   Next: 94%
Magic:  5/5        EV:  9    Int:  9    God:    Okawaru [......]
Gold:   228        SH:  0    Dex: 12    Spells: 4/4 levels left

rFire    . . .     SeeInvis .   a - +1 long sword
rCold    . . .     Gourm    .   (no shield)
rNeg     . . .     Faith    .   b - +0 scale mail
rPois    .         Spirit   .   h - +0 helmet
rElec    .         Reflect  .   (no cloak)
rCorr    .         Harm     .   (no gloves)
MR       .....                  s - +0 pair of boots
Stlth    +.........             (no amulet)
HPRegen  0.14/turn              (no ring)
MPRegen  0.09/turn              (no ring)

@: slowed, lightly drained, very slow
A: claws 1, yellow scales 1, nightstalker 1
a: Renounce Religion


You were on level 4 of the Dungeon.
You worshipped Okawaru.
Okawaru was noncommittal.
You were hungry.

You visited 1 branch of the dungeon, and saw 4 of its levels.

You collected 228 gold pieces.

Inventory:

Hand Weapons
 a - a +1 long sword (weapon)
Missiles
 n - 70 stones
 p - 4 curare-tipped darts (quivered) {!f}
 r - 9 poisoned darts
 w - 3 atropa-tipped darts
Armour
 b - a +0 scale mail (worn)
 c - a +0 shield
 h - a +0 helmet (worn)
   (You found it on level 2 of the Dungeon)
 s - a +0 pair of boots (worn)
   (You found it on level 3 of the Dungeon)
Jewellery
 t - an uncursed amulet of harm {unknown}
   (You found it on level 3 of the Dungeon)
Scrolls
 i - 2 scrolls of remove curse {@r2}
 j - 2 scrolls of immolation {!r}
 l - a scroll of blinking {unknown}
 m - a scroll of magic mapping {unknown}
 q - 2 scrolls of teleportation {@r4}
 x - a scroll of identify {@r1}
Potions
 d - a potion of might
 e - a potion of haste {@q3}
 g - 2 potions of ambrosia {unknown}
 k - 4 potions of curing {unknown}
 o - a potion of lignification {unknown}
 u - a potion of berserk rage {unknown}
Comestibles
 f - 3 rations {!d}
 v - 5 chunks of flesh


   Skills:
 + Level 4.5(4.0) Fighting
 * Level 4.8(4.3) Long Blades
 - Level 2.6(2.2) Armour
 - Level 2.6(2.2) Shields


You had 4 spell levels left.
You didn't know any spells.
Your spell library was empty.

Dungeon Overview and Level Annotations

Branches:
Dungeon (4/15)
 Temple: D:4-7

Altars:
Okawaru


Innate Abilities, Weirdness & Mutations

You have sharp fingernails.
You are partially covered in yellow scales. (AC +2)
You are slightly more attuned to the shadows.


Message History

v - 5 chunks of flesh (gained 2)
You see here an adder skeleton. x2
p - 5 curare-tipped darts {!f} (gained 1)
p - 6 curare-tipped darts {!f} (gained 1)
An orc priest and an orc wizard come into view.
The orc wizard shouts!
The orc wizard points at you and mumbles some strange words.
You feel yourself slow down.
An orc comes into view. It is wielding a +0 club.
The orc priest casts a cantrip, but nothing happens.
You hear an angry hiss.
Throwing (i - inventory. (/) - cycle)
p - 6 curare-tipped darts (quivered)
{!f}
Press: ? - help, Shift-Dir - straight line, f - orc wizard
Aim: an orc wizard, wielding a +0 dagger and wearing a +0 robe Really fire
p - 6 curare-tipped darts {!f}?
You throw a curare-tipped dart {!f}.
The curare-tipped dart {!f} hits the orc wizard.
The orc wizard is poisoned.
The orc wizard convulses.
The orc wizard seems to slow down.
The orc wizard is severely wounded.
The orc wizard casts a spell at you.
You feel as though you will be slow longer.
You kill the orc wizard!
Okawaru accepts your kill.
You slash the orc priest!
The orc priest is severely wounded.
The orc priest hits you but does no damage.
The orc priest miscasts a cantrip.
You barely miss the orc priest.
The orc priest is severely wounded.
The orc priest hits you with a +0 dagger.
The orc priest barely misses you.
You riposte.
You hit the orc priest.
You kill the orc priest!
Okawaru accepts your kill.
A hound comes into view.
The hound barks!
You hear a shout!
Items here: $ )) [ a +0 dagger x2; a +0 robe; 7 gold pieces An orc and an orc priest come into view.
The orc is wielding a +1 whip of draining.
The orc priest shouts!
The orc shouts!
The hound barely misses you. The hound bites you but does no damage.
An adder comes into view.
The orc priest moves out of view.
You see here a curare-tipped dart {!f}.
You barely miss the hound. The hound bites you. The hound barely misses you.
You riposte.
You barely miss the hound. The orc hits you but does no damage.
You feel drained. The hound bites you but does no damage.
The orc hits you but does no damage.
You feel drained.
You are feeling hungry.
The hound bites you but does no damage.
Items here: $ )) [ a +0 dagger x2; a +0 robe; 7 gold pieces
Press: ? - help, v - describe, . - travel, g - get item A +0 dagger.
There is something else lying underneath.
The floor.
You closely miss the hound. The hound bites you.
The hound bites you but does no damage. The hound barely misses you.
The hound bites you but does no damage.
Throwing (i - inventory. (/) - cycle)
p - 5 curare-tipped darts (quivered)
{!f}
Press: ? - help, Shift-Dir - straight line, f - hound
Aim: a hound Really fire
p - 5 curare-tipped darts {!f}?
You throw a curare-tipped dart {!f}.
The curare-tipped dart {!f} barely misses the hound.
The curare-tipped dart {!f} closely misses the adder.
The curare-tipped dart {!f} hits the orc.
The orc is poisoned.
The orc convulses.
The orc seems to slow down.
The orc is heavily wounded.
The hound bites you but does no damage.
The orc priest calls down the wrath of Beogh upon you.
Beogh smites you! The hound barely misses you.
The hound bites you but does no damage.
You kill the orc!
Okawaru accepts your kill. The hound bites you but does no damage.
The hound closely misses you.
You slash the hound!
The hound is heavily wounded.
The hound bites you. The hound barely misses you.
You riposte.
You closely miss the hound.
The hound is heavily wounded.
The hound misses you. The hound bites you but does no damage.
The orc priest casts a cantrip, but nothing happens.
You see here an adder skeleton.
You hit the hound but do no damage.
The hound is heavily wounded.
The hound closely misses you. x2
The orc priest invokes the aid of Beogh against you.
Beogh smites you!
* * * LOW HITPOINT WARNING * * *
The hound bites you but does no damage. The hound bites you but does no damage.
The hound barely misses you.
The orc priest invokes the aid of Beogh against you.
Beogh smites you!
You die...

#....##########
#.......#.....#
#.......#.....#
###.....#.....#
##.....#.....#
#......'.....# #
#......#.....#
###.#
#.#######.####
....## #.#
#@########......
#.#
#.hS÷oo.)().....
#.#
##########...###
#<# ...# ###
...# ...# ...#
...#


You could see a hound, an orc priest, an adder and an orc.

Vanquished Creatures
  A phantom (D:2)
  An orc wizard (D:4)
  An orc priest (D:4)
  2 adders
  2 oozes
  An adder skeleton (D:4)
  3 worms (D:3)
  4 dart slugs
  2 leopard geckos
  6 orcs
  4 giant cockroaches
  A goblin (D:1)
  8 hobgoblins
  10 kobolds
  A ball python (D:2)
  5 bats
  A frilled lizard (D:1)
  6 rats
59 creatures vanquished.

Notes
Turn   | Place    | Note
-------+----------+-------------------------------------------
     0 | D:1      | CryoSword the Demonspawn Fighter began the quest for the
                  | Orb.
     0 | D:1      | Reached XP level 1. HP: 18/18 MP: 1/1
   325 | D:1      | Gained mutation: You are partially covered in yellow
                  | scales. (AC +2) [demonic ancestry]
   325 | D:1      | Reached XP level 2. HP: 24/24 MP: 2/2
   722 | D:1      | Reached XP level 3. HP: 29/29 MP: 3/3
  1105 | D:2      | Noticed a phantom
  2123 | D:2      | Killed a phantom
  2123 | D:2      | Gained mutation: You have sharp fingernails. [demonic
                  | ancestry]
  2123 | D:2      | Reached XP level 4. HP: 13/37 MP: 4/4
  2123 | D:2      | Gained mutation: You are slightly more attuned to the
                  | shadows. [demonic ancestry]
  2123 | D:2      | Reached XP level 5. HP: 15/42 MP: 5/5
  2362 | D:2      | Found an iron altar of Okawaru.
  2369 | D:2      | Became a worshipper of Warmaster Okawaru
  3960 | D:4      | Identified the cursed +1 ring mail "Qahegero" {MP+9 Str+3}
  3984 | D:4      | Killed from afar by an orc priest

Skill      XL: |  1  2  3 |
---------------+----------+-----
Long Blades    | 2 4 |  4.8
Fighting       | 4 |  4.5
Armour         | |  2.6
Shields        | |  2.6

Action                   |  1- 3 |  4- 6 || total
-------------------------+-------+-------++-------
Melee: Long sword        |   142 |    57 ||   199
Throw: Dart              |       |     6 ||     6
  Use: Scroll            |       |     5 ||     5
  Eat: Chunk             |     2 |     4 ||     6
       Ration            |       |     1 ||     1
Armor: Scale mail        |    67 |    29 ||    96
Dodge: Dodged            |    73 |    35 ||   108
       Rpst.: Long sword |    24 |    12 ||    36
